 Dungeon Crawl Stone Soup version 0.29.1-1-gd02db69 (webtiles) character file.

Game seed: 8903622763904594390

46 samcosmo the Sneak (level 3, -3/20 HPs)
             Began as a Kobold Enchanter on Apr 26, 2023.
             Killed from afar by Sigmund (6 damage)
             ... with a magic dart
             ... on level 2 of the Dungeon.
             The game lasted 00:03:55 (1983 turns).

samcosmo the Sneak (Kobold Enchanter)               Turns: 1983, Time: 00:03:55

Health: -3/20      AC:  2    Str:  5    XL:     3   Next: 92%
Magic:  6/6        EV: 15    Int: 16    God:
Gold:   93         SH:  0    Dex: 17    Spells: 1/6 levels left

rFire   . . .      SeeInvis .   d - +2 dagger (holy)
rCold   . . .      Faith    .   (no shield)
rNeg    . . .      Spirit   .   b - +0 robe
rPois   .          Reflect  .   (no helmet)
rElec   .          Harm     .   (no cloak)
rCorr   .          Rampage  .   (no gloves)
Will    .....                   (no boots)
Stlth   ++++......              (no amulet)
HPRegen 0.06/turn               (no ring)
MPRegen 0.10/turn               (no ring)

@: invisible
A: small, no large weapons, nightstalker 3
a: no special abilities


You were on level 2 of the Dungeon.
You visited 1 branch of the dungeon, and saw 2 of its levels.

You collected 93 gold pieces.

Inventory:

Hand Weapons
 a - a +1 dagger
 d - a +2 dagger of holy wrath (weapon)
Armour
 b - a +0 robe (worn)
Scrolls
 e - a scroll of torment {unknown}


   Skills:
 + Level 1.0 Fighting
 + Level 1.9 Short Blades
 + Level 2.7 Dodging
 + Level 4.4 Stealth
 + Level 2.4 Spellcasting
 * Level 3.6 Hexes


You had one spell level left.
You knew the following spells:

 Your Spells              Type           Power      Damage    Failure   Level
a - Ensorcelled Hibernat  Hex/Ice        14%        N/A       14%         2
b - Confusing Touch       Hex            13%        N/A       13%         3

Your spell library contained the following spells:

 Spells                   Type           Power      Damage    Failure   Level
 Tukima's Dance           Hex            13%        N/A       13%         3
 Dazzling Flash           Conj/Hex       14%        N/A       28%         3


Dungeon Overview and Level Annotations

Branches:
Dungeon (2/15)

Altars:

Shops:
D:2 [

Annotations:
D:2 Sigmund


Innate Abilities, Weirdness & Mutations

You are small and have problems with some larger weapons.
You are completely attuned to the shadows.


Message History

You see here 5 stones.
A frilled lizard comes into view.
Found a scroll labelled COERUIL DIUTOMUSEI.
Found a scale mail.
The helpless frilled lizard fails to defend itself.
You impale the frilled lizard!!
You kill the frilled lizard!
Found a stone staircase leading down.
e - a scroll labelled COERUIL DIUTOMUSEI Sigmund the Dreaded comes into view.
He is wielding a +0 scythe.
The helpless Sigmund fails to defend himself.
You impale Sigmund!!
Sigmund is almost dead.
Sigmund mumbles some strange words.
Sigmund flickers and vanishes!
Deactivating autopickup; reactivate with Ctrl-A.
You hit something but do no damage. Something hits you!
You closely miss something. Your punch misses something. Something hits you!
Ouch! That really hurt!
* * * LOW HITPOINT WARNING * * *
You fade into invisibility!
You hit something.
You hear some strange, mumbled words.
Something tries to affect you, but you resist.
You barely miss something. Something hits you but does no damage.
You closely miss something. You miss something.
Something hits you but does no damage.
You hit something but do no damage.
You hear some strange, mumbled words.
A puff of flame appears from out of thin air!
The puff of flame misses you.
You hit something.
You hear some strange, mumbled words.
Something tries to affect you, but you resist.
You closely miss something. You hit something but do no damage.
You hear some strange, mumbled words.
A magic dart appears from out of thin air!
The magic dart hits you.
You die...

#. #. #. #.# ##
#.# #######
####.######....>#
................#
###.######.#...###
#.# #.......##.
#@# #..........
#{# #......[###
#.# #.#...### #.#
#.#...# ..# ###.#
#.# #.# #.# #.#


There were no monsters in sight!

Vanquished Creatures
  A dart slug (D:1)
  2 ball pythons (D:1)
  4 endoplasms (D:1)
  4 hobgoblins (D:1)
  11 jackals (D:1)
  2 bats (D:1)
  2 frilled lizards
  6 goblins
  3 kobolds (D:1)
  2 rats (D:1)
37 creatures vanquished.

Notes
Turn   | Place    | Note
-------+----------+-------------------------------------------
     0 | D:1      | samcosmo the Kobold Enchanter began the quest for the Orb.
     0 | D:1      | Reached XP level 1. HP: 10/10 MP: 3/3
    64 | D:1      | Reached XP level 2. HP: 4/15 MP: 5/5
   356 | D:1      | Found a faded altar of an unknown god.
   881 | D:1      | Reached XP level 3. HP: 2/20 MP: 6/6
  1065 | D:1      | Learned a level 2 spell: Ensorcelled Hibernation
  1069 | D:1      | Learned a level 3 spell: Confusing Touch
  1507 | D:1      | Reached skill level 1 in Fighting
  1901 | D:2      | Found Caock's Armour Shoppe.
  1968 | D:2      | Noticed Sigmund
  1983 | D:2      | Killed from afar by Sigmund

Illustrated notes

Levels and vault maps discovered:
D:1:      reono_arrival_mine, layout_rooms, ebering_ecumenical_altar_hall
D:2:      layout_loops_ring, serial_shops, shop, minmay_small_reverse_x,
          uniq_sigmund

Skill      XL: |  1  2  3 |
---------------+----------+-----
Fighting       | 1 |  1.0
Short Blades   | |  1.9
Dodging        | |  2.7
Stealth        | |  4.4
Spellcasting   | |  2.4
Hexes          | |  3.6

Action                   || total
-------------------------++-------
Melee: Dagger            ||   120
       Punch             ||     1
  Use: Potion            ||     2
 Stab: Invisible         ||     2
       Sleeping          ||    14
       Distracted        ||     1
Armor: Robe              ||    11
Dodge: Dodged            ||    85
